 Dungeon Crawl Stone Soup version 0.30-a0-1112-gfb780f5df6 (webtiles) character file.

Game seed: 4106061524480735123

22473 NateTC the Grappler (level 12, -56/125 HPs)
             Began as a Troll Fighter on Apr 20, 2023.
             Annihilated by a skyshark (64 damage)
             ... on level 3 of the Lair of Beasts.
             The game lasted 00:34:13 (10982 turns).

NateTC the Grappler (Troll Fighter)                Turns: 10982, Time: 00:34:13

Health: -56/125    AC: 17    Str: 31    XL:     12   Next: 63%
Magic:  11/11      EV:  1    Int:  4    God:
Gold:   241        SH:  0    Dex:  9    Spells: 11/11 levels left

rFire   + + .      SeeInvis .      - Unarmed
rCold   + . .      Faith    .    y - +1 tower shield {AC+3}
rNeg    . . .      Spirit   .    b - +0 swamp dragon scales
rPois   +          Reflect  +    e - +2 hat
rElec   +          Rampage  .    (no cloak)
rCorr   +                        (gloves unavailable)
Will    .....                    (boots unavailable)
Stlth   +                        h - amulet of reflection
HPRegen 1.20/turn                H - ring of the Octopus King {rCorr HP+2 AC+2 EV+2 SH+2}
MPRegen 0.12/turn                G - ring "Ugysis" {Drain rElec rF++ rC+ Stlth+}

@: sleeping, studying Maces & Flails
A: large, unfitting armour, claws 3, regeneration 1, shaggy fur 1, tough skin 1
a: no special abilities


You were on level 3 of the Lair of Beasts.
You visited 3 branches of the dungeon, and saw 15 of its levels.

You collected 917 gold pieces.
You spent 676 gold pieces at shops.

Inventory:

Missiles
 D - a throwing net (quivered)
Armour
 b - +0 swamp dragon scales (worn)
 e - a +2 hat (worn)
 y - a +1 tower shield of protection (worn)
Jewellery
 f - a ring of protection from cold
 h - an amulet of reflection (around neck)
 r - a ring of protection from fire
 A - a +4 ring of slaying
 G - the ring "Ugysis" (right claw) {Drain rElec rF++ rC+ Stlth+}
   (You took it off a gnoll bouda on level 8 of the Dungeon)

   [ring of protection from cold]

   rF:        It greatly protects you from fire.
   rC:        It protects you from cold.
   rElec:     It insulates you from electricity.
   Drain:     It drains your maximum health when unequipped.
   Stlth:     It makes you more stealthy.
 H - a ring of the Octopus King (left claw) {rCorr HP+2 AC+2 EV+2 SH+2}
   (You bought it in a shop on level 6 of the Dungeon)

   [ring of resist corrosion]

   AC:        It affects your AC (+2).
   EV:        It affects your evasion (+2).
   HP:        It affects your health (+2).
   rCorr:     It protects you from acid and corrosion.
   SH:        It affects your SH (+2).
Wands
 t - a wand of flame (26)
 v - a wand of light (15)
 E - a wand of paralysis (8)
 F - a wand of mindburst (10)
Scrolls
 a - 2 scrolls of immolation
 d - 2 scrolls of noise
 g - 2 scrolls of fear
 k - 4 scrolls of blinking
 l - 3 scrolls of poison
 o - 12 scrolls of teleportation
 p - 2 scrolls of identify
 q - 2 scrolls of brand weapon
 u - 3 scrolls of enchant weapon
 B - 3 scrolls of amnesia
Potions
 c - 3 potions of flight
 i - 3 potions of attraction
 j - 3 potions of brilliance
 m - 6 potions of curing
 n - 2 potions of berserk rage
 s - 3 potions of mutation
 w - a potion of might
 x - 3 potions of lignification
 z - a potion of invisibility
 I - 3 potions of haste


   Skills:
 - Level 9.2 Fighting
 - Level 5.0 Armour
 - Level 5.7 Dodging
 * Level 8.5 Shields
 * Level 14.2 Unarmed Combat


You had 11 spell levels left.
You didn't know any spells.
Your spell library contained the following spells:

 Spells                   Type           Power      Damage    Failure   Level
 Freeze                   Ice            0%         1d3       98%         1
 Shock                    Conj/Air       0%         1d3       98%         1
 Slow                     Hex            0%         N/A       98%         1
 Sting                    Tmut/Pois      0%         1d3       98%         1
 Cigotuvi's Dreadful Rot  Necr/Pois/Air  0%         N/A       99%         2
 Lesser Beckoning         Tloc           0%         N/A       99%         2
 Poisonous Vapours        Pois/Air       0%         N/A       99%         2
 Confusing Touch          Hex            0%         N/A       100%        3
 Frozen Ramparts          Ice            0%         1d1       100%        3
 Hailstorm                Conj/Ice       0%         3d3       100%        3
 Swiftness                Air            0%         N/A       100%        3
 Vampiric Draining        Necr           0%         2d6       100%        3
 Vhi's Electric Charge    Tloc/Air       0%         N/A       100%        3
 Airstrike                Air            0%         2d(0-16)  100%        4
 Dispel Undead            Necr           0%         3d6       100%        4
 Olgreb's Toxic Radiance  Pois           0%         N/A       100%        4
 Passage of Golubria      Tloc           0%         N/A       100%        4
 Blade Hands              Tmut           0%         N/A       100%        5
 Fireball                 Conj/Fire      0%         3d3       100%        5
 Irradiate                Conj/Tmut      0%         3d11      100%        5
 Death Channel            Necr           0%         N/A       100%        6
 Dispersal                Tloc           0%         N/A       100%        6
 Dragon Form              Tmut           0%         N/A       100%        7


Dungeon Overview and Level Annotations

Branches:
Dungeon (11/15) Zot: 26382  Temple (1/1) D:7 Zot: 5976    Lair (3/5) D:11 Zot: 15957
 Shoals (0/4) Lair:3       Spider (0/4) Lair:2
    Orc: D:9-12

Altars:
Ashenzari
Cheibriados
Dithmenos
Elyvilon
Fedhas
Gozag
Hepliaklqana
Kikubaaqudgha
Makhleb
Nemelex Xobeh
Okawaru
Qazlal
Ru
Sif Muna
Trog
Uskayaw
Vehumet
Wu Jian
Xom
Yredelemnul
Zin
The Shining One

Shops:
D:6 =


Innate Abilities, Weirdness & Mutations

You are too large for most types of armour.
You have claws for hands.
Your natural rate of healing is unusually fast.
You are covered in fur. (AC +1)
You have tough skin. (AC +1)


Message History

The skyshark is severely wounded.
The dream sheep shake their wool and sparkle.
You feel drowsy...
You fall asleep.
The skyshark bites you!!!
You wake up.
* * * LOW HITPOINT WARNING * * *
You block the skyshark's attack. x2
You hear a croak.
The cane toad attacks as you move away! You block the cane toad's attack.
A nearby fungus withers and dies.
The skyshark bites you!
* * * LOW HITPOINT WARNING * * *
You block the skyshark's attack. The skyshark tail-slaps you.
* * * LOW HITPOINT WARNING * * *
Okay, then.
A cane toad comes into view.
The cane toad croaks.
A nearby plant withers and dies.
You block the skyshark's attack. x2
The skyshark tail-slaps you but does no damage.
You block the skyshark's attack. x2
The skyshark tail-slaps you but does no damage.
You block the skyshark's attack. x3
The skyshark attacks as you move away!
The skyshark bites you but does no damage.
You block the skyshark's attack. The skyshark barely misses you.
The dream sheep ruffle their wool and motes of dream dust sparkle, to no effect.
You block the cane toad's attack. You block the skyshark's attack. x2
The skyshark completely misses you. You block the skyshark's attack.
The skyshark tail-slaps you but does no damage.
The skyshark tail-slaps you!
* * * LOW HITPOINT WARNING * * *
The cane toad stings you!
* * * LOW HITPOINT WARNING * * *
The dream sheep shake their wool and sparkle.
You feel drowsy...
You fall asleep.
The skyshark bites you but does no damage.
The skyshark tail-slaps you but does no damage. x2
The cane toad stings you but does no damage.
The skyshark bites you!!!
Ouch! That really hurt!
You die...

#)~#.~~~~## #........
#.~...~...###..#.....
#.#...#~...........#.#
###.(.#..†.†.....#####
##..###..<#.......#
####..^....††...#....#
##.#.#........##.######
###......FP.....####
####..#..##Yl@...<..#
#..#....YY..F.......#
##.....#.....##.#...#
#...#.#.....####...##
###..#......# .#...
##Y#..#.#### ...... ##
##...)...# #....##
P/##.....#### ...P.
..#.......# #..


You could see a skyshark (berserk), 2 cane toads and 3 dream sheep.

Vanquished Creatures
  A hydra (Lair:2)
  4 two-headed ogres
  Nergalle (Lair:3)
  Amaemon (Lair:1)
  The ghost of gelatine the Magician, a novice DsFE of Vehumet (D:8)
  Pikel (D:7)
  A manticore (D:10)
  3 black mambas
  Joseph (D:7)
  An orange demon (Lair:1)
  Maggie (D:7)
  3 rime drakes (Lair:2)
  3 cane toads
  2 komodo dragons
  5 wyverns
  3 shadows (D:11)
  2 wraiths
  29 yaks
  2 redbacks (Lair:2)
  A basilisk (Lair:3)
  Menkaure (D:4)
  A steam dragon (D:10)
  Duvessa (D:6)
  3 water moccasins
  2 sky beasts
  3 ice beasts
  3 orc warriors
  12 ogres
  2 black bears
  15 wolves
  2 lemures (D:7)
  2 centaurs
  A phantom (D:6)
  A kobold brigand (D:9)
  9 bullfrogs
  3 gnoll sergeants (D:8)
  6 scorpions
  A wight (D:8)
  Dowan (D:6)
  6 killer bees (D:11)
  5 electric eels
  7 howler monkeys
  5 hounds
  4 orc priests
  A gnoll bouda (D:8)
  4 sleepcaps
  Terence (D:2)
  4 iguanas (D:5)
  10 orc wizards
  14 gnolls
  11 adders
  2 white imps (D:6)
  An ufetubus (D:5)
  4 worms (D:2)
  4 dart slugs
  17 orcs
  5 endoplasms
  6 giant cockroaches
  8 goblins
  6 hobgoblins
  5 jackals
  7 kobolds
  3 quokkas
  8 ball pythons
  6 bats
  6 frilled lizards
  4 rats
299 creatures vanquished.

Vanquished Creatures (others)
  A kobold brigand (D:8)
  2 fungi
  9 plants
12 creatures vanquished.

Grand Total: 311 creatures vanquished

Notes
Turn   | Place    | Note
-------+----------+-------------------------------------------
     0 | D:1      | NateTC the Troll Fighter began the quest for the Orb.
     0 | D:1      | Reached XP level 1. HP: 22/22 MP: 0/0
   109 | D:1      | Reached XP level 2. HP: 24/25 MP: 1/1
   469 | D:1      | Reached skill level 3 in Unarmed Combat
   613 | D:1      | Reached XP level 3. HP: 32/32 MP: 2/2
   966 | D:2      | Noticed Terence
   978 | D:2      | Killed Terence
  1098 | D:2      | Reached XP level 4. HP: 45/45 MP: 3/3
  1237 | D:2      | HP: 1/45 [gnoll/+0 halberd (7)]
  1274 | D:2      | Reached skill level 4 in Unarmed Combat
  1520 | D:3      | Found a white marble altar of Elyvilon.
  1521 | D:3      | Found a broken altar of Ashenzari.
  1524 | D:3      | Reached XP level 5. HP: 49/53 MP: 4/4
  1530 | D:3      | Found an opulent altar of Gozag.
  1601 | D:3      | Got the Elucidation of Movement and Sparks
  1703 | D:3      | Found a glowing golden altar of the Shining One.
  1747 | D:3      | Found a hide-covered altar of Uskayaw.
  1984 | D:4      | Found a glowing silver altar of Zin.
  2004 | D:4      | Reached skill level 5 in Unarmed Combat
  2137 | D:4      | Reached XP level 6. HP: 57/62 MP: 5/5
  2261 | D:4      | Noticed Menkaure
  2270 | D:4      | Killed Menkaure
  2271 | D:4      | Reached skill level 6 in Unarmed Combat
  2300 | D:4      | Found a snail-covered altar of Cheibriados.
  2561 | D:5      | Entered Level 5 of the Dungeon
  2583 | D:5      | Reached XP level 7. HP: 52/71 MP: 6/6
  2833 | D:5      | Reached skill level 7 in Unarmed Combat
  2885 | D:5      | Found an iron altar of Okawaru.
  3208 | D:5      | Reached XP level 8. HP: 58/79 MP: 7/7
  3256 | D:5      | Noticed a two-headed ogre
  3281 | D:5      | Killed a two-headed ogre
  3282 | D:5      | Reached skill level 5 in Shields
  3282 | D:5      | Reached skill level 8 in Unarmed Combat
  3831 | D:6      | Noticed Dowan
  3831 | D:6      | Noticed Duvessa
  3836 | D:6      | Killed Dowan
  3844 | D:6      | Killed Duvessa
  3845 | D:6      | Reached skill level 9 in Unarmed Combat
  3981 | D:6      | Found Elown's Jewellery Shoppe.
  4063 | D:6      | Reached XP level 9. HP: 85/85 MP: 8/8
  4125 | D:6      | Found a sacrificial altar of Ru.
  4743 | D:7      | Found a staircase to the Ecumenical Temple.
  4753 | Temple   | Entered the Ecumenical Temple
  4875 | D:7      | Reached skill level 10 in Unarmed Combat
  4912 | D:7      | Noticed Maggie
  4934 | D:7      | Killed Maggie
  4970 | D:7      | Noticed Joseph
  4971 | D:7      | Noticed Pikel
  4982 | D:7      | Killed Pikel
  4992 | D:7      | Killed Joseph
  4993 | D:7      | Reached skill level 5 in Dodging
  4993 | D:7      | Reached XP level 10. HP: 63/94 MP: 9/9
  4997 | D:7      | Reached skill level 11 in Unarmed Combat
  5578 | D:8      | Found a transporter.
  5586 | D:8      | Noticed gelatine's ghost (novice DsFE)
  5589 | D:8      | Identified the ring "Ugysis" {Drain rElec rF++ rC+ Stlth+}
  5666 | D:8      | Found a transporter.
  5803 | D:8      | Found a stormy altar of Qazlal.
  5814 | D:8      | Found a shadowy altar of Dithmenos.
  5919 | D:8      | Found an ornate altar of the Wu Jian Council.
  6256 | D:9      | Identified the -2 helmet of Baunoot {rC+ Str+7}
  6357 | D:9      | Reached skill level 5 in Fighting
  6410 | D:9      | Reached skill level 12 in Unarmed Combat
  6955 | D:9      | Identified a scroll of acquirement
  7000 | D:10     | Entered Level 10 of the Dungeon
  7176 | D:10     | Noticed a manticore
  7230 | D:10     | Killed a manticore
  7298 | D:10     | Reached XP level 11. HP: 106/106 MP: 10/10
  7722 | D:10     | Found a radiant altar of Vehumet.
  7774 | D:10     | Found a burning altar of Makhleb.
  7775 | D:10     | Noticed an Executioner
  8040 | D:8      | Reached skill level 1 in Armour
  8056 | D:8      | Killed gelatine's ghost
  8234 | D:6      | Bought a ring of the Octopus King {rCorr HP+2 AC+2 EV+2
                  | SH+2} for 676 gold pieces
  8234 | D:6      | Found the ring of the Octopus King {rCorr HP+2 AC+2 EV+2
                  | SH+2}
  8238 | D:6      | Acquired a +0 tower shield of protection
  8564 | D:11     | Found a staircase to the Lair.
  8804 | D:11     | Noticed a two-headed ogre
  8804 | D:11     | Noticed a two-headed ogre
  8818 | D:11     | Killed a two-headed ogre
  8821 | D:11     | Noticed a two-headed ogre
  8823 | D:11     | Killed a two-headed ogre
  8827 | D:11     | Killed a two-headed ogre
  8832 | D:11     | Reached skill level 5 in Armour
  8944 | Lair:1   | Entered Level 1 of the Lair of Beasts
  9237 | Lair:1   | Reached skill level 13 in Unarmed Combat
  9237 | Lair:1   | Reached XP level 12. HP: 103/122 MP: 11/11
  9456 | Lair:1   | Noticed Amaemon
  9469 | Lair:1   | Killed Amaemon
 10187 | Lair:2   | Noticed a six-headed hydra
 10194 | Lair:2   | Killed a nine-headed hydra
 10295 | Lair:2   | Identified the +0 robe of Temperance {-Tele Will++ Dex+3
                  | Stlth+}
 10342 | Lair:2   | Found a hole to the Spider Nest.
 10813 | Lair:3   | Found a staircase to the Shoals.
 10816 | Lair:3   | Reached skill level 14 in Unarmed Combat
 10925 | Lair:3   | Noticed Nergalle
 10933 | Lair:3   | Killed Nergalle
 10982 | Lair:3   | Annihilated by a skyshark

Illustrated notes

Levels and vault maps discovered:
D:1:      psy_arrival_spokes, layout_basic, minmay_splitting_lines,
          eino_curves_03, chequers_mini_garden
D:2:      layout_basic, uniq_terence
D:3:      minmay_angry_zag, layout_rooms, nicolae_uskayaw_suspiria,
          chequers_temple_overflow_statue_of_worship, overflow_temple_1_default
D:4:      layout_basic, cheibriados_altar_1, mainiacjoe_overflow_paths,
          uniq_menkaure
D:5:      minmay_chambers_of_fours, layout_basic, mainiacjoe_overflow_alcove_1
D:6:      layout_loops_corners, nicolae_ru_great_annihilating_truth,
          serial_shops, nicolae_shop_tiny_glass, serial_rivers,
          chequers_serial_rivers_micro_d, chequers_serial_rivers_micro_d,
          chequers_serial_rivers_micro_a, chequers_serial_rivers_room_a,
          chequers_serial_rivers_large_b, chequers_serial_rivers_marsh,
          uniq_duvessa
D:7:      layout_basic, minmay_temple_entry_trees, uniq_joseph, uniq_maggie,
          uniq_pikel
D:8:      layout_rooms, nicolae_wu_jian_wuxing_cycle,
          mainiacjoe_overflow_large_starburst, gammafunk_ghost_gnarly_gnolls,
          minivault_26, minmay_crystal_room, minmay_diced_spiral
D:9:      layout_stronghold
D:10:     layout_irregular_city, mainiacjoe_overflow_alcove_2,
          makhleb_altar_promises_db, minmay_misc_feat_square, water_boxes_lemuel
D:11:     lemuel_ogre_cave, layout_rooms
Temple:   hellmonk_temple_rainy
Lair:1:   layout_cave_pods, grunt_megastairs_3, uniq_amaemon
Lair:2:   layout_gridlike, spider_nest_entry_webs, grunt_megastairs_4,
          infiniplex_staircase_pool, serial_bayou_shore_a
Lair:3:   layout_misc_corridors, elwin_shoals_entry_rocks, serial_bayou_shore_b,
          uniq_nergalle

Skill      XL: |  1  2  3  4  5  6  7  8  9 10 11 12 |
---------------+-------------------------------------+-----
Unarmed Combat | 3 4 5 6 7 9 10 12 13 14 | 14.2
Fighting       | 3 4 6 8 9 |  9.2
Shields        | 4 6 8 |  8.5
Dodging        | 5 |  5.7
Armour         | 5 |  5.0

Action                     |  1- 3 |  4- 6 |  7- 9 | 10-12 || total
---------------------------+-------+-------+-------+-------++-------
  Melee: Unarmed           |    76 |   177 |   225 |   550 ||  1028
    Use: Scroll            |     2 |    13 |     6 |    10 ||    31
         Potion            |       |       |     2 |     4 ||     6
   Stab: Paralysed         |       |       |     1 |       ||     1
         Sleeping          |       |       |       |     3 ||     3
 Armour: Robe              |    25 |    32 |    42 |     2 ||   101
         Swamp dragon scal |       |       |       |   257 ||   257
  Dodge: Dodged            |    18 |    42 |    31 |   223 ||   314
  Block: Kite shield       |    19 |   107 |    90 |       ||   216
         Reflection        |       |     3 |     6 |    16 ||    25
         Tower shield      |       |       |    50 |   612 ||   662

Table legend: (Time is in decaauts)
 A = Elapsed time spent in this place.
 B = Non-inter-level travel time spent in this place.
 C = Inter-level travel time spent in this place.
 D = Time resting spent in this place.
 E = Time spent auto-exploring this place.
 F = Levels seen in this place.
 G = Mean time per level.
                   A        B        C        D        E       F      G
               +--------+--------+--------+--------+--------+-----+--------+
         Total |  11018 |  10377 |    641 |    510 |   5330 |  15 |  734.5 |
       Dungeon |   8953 |   8363 |    590 |    429 |   4340 |  11 |  813.9 |
        Temple |     23 |     11 |     12 |      0 |      9 |   1 |   23.0 |
          Lair |   2041 |   2002 |     39 |     81 |    981 |   3 |  680.3 |
               +--------+--------+--------+--------+--------+-----+--------+

Top non-repeatable levels by time:
     D:5: 1216 daAuts
     D:9: 1004 daAuts
     D:6: 962 daAuts
    D:10: 961 daAuts
     D:8: 959 daAuts
  Lair:2: 936 daAuts
  Lair:1: 935 daAuts
     D:1: 838 daAuts
     D:7: 691 daAuts
     D:2: 678 daAuts
    D:11: 581 daAuts
     D:4: 541 daAuts
     D:3: 516 daAuts
  Lair:3: 169 daAuts
  Temple: 23 daAuts
